 Dungeon Crawl Stone Soup version 0.28.0-53-g5a82cb258f (webtiles) character file.

Game seed: 16967340543739765268

1290 Jerry the Slasher (level 8, 0/58 (60) HPs)
             Began as a Human Fighter on June 22, 2022.
             Killed by divine providence
             ... invoked by an orc priest
              (8 damage)
             ... on level 5 of the Dungeon.
             The game lasted 00:16:27 (5428 turns).

Jerry the Slasher (Human Fighter)                   Turns: 5428, Time: 00:16:27

HP:   0/58 (60)     AC: 14    Str: 21    XL:     8   Next: 86%
MP:   8/8           EV: 10    Int:  9    God:
Gold: 183           SH:  5    Dex: 13    Spells: 7/7 levels left

rFire   . . .      SeeInvis .   a - +0 long sword (venom)
rCold   + . .      Faith    .   c - +0 buckler
rNeg    . . .      Spirit   .   q - +3 ring mail {rC+}
rPois   .          Reflect  .   (no helmet)
rElec   .          Harm     .   h - +2 cloak
rCorr   .          Rampage  .   d - +0 pair of gloves "Xano" {+Blink Str+3}
Will    .....                   (no boots)
Stlth   +.........              (no amulet)
HPRegen 0.19/turn               (no ring)
MPRegen 0.11/turn               (no ring)

@: lethally poisoned (0 -> -3), lightly drained
A: no striking features
a: Evoke Blink


You were on level 5 of the Dungeon.
You visited 1 branch of the dungeon, and saw 6 of its levels.

You collected 183 gold pieces.

Inventory:

Hand Weapons
 a - a +0 long sword of venom (weapon)
 n - a +2 dagger of venom
Missiles
 p - 3 datura-tipped darts (quivered)
 r - 2 throwing nets
Armour
 c - a +0 buckler (worn)
 d - the +0 pair of gloves "Xano" (worn) {+Blink Str+3}
   (You acquired it on level 3 of the Dungeon)

   Str:       It affects your strength (+3).
   +Blink:    It lets you blink.
 h - a +2 cloak (worn)
 q - a +3 ring mail of cold resistance (worn)
Wands
 f - a wand of flame (4)
Scrolls
 g - a scroll of silence
 i - 2 scrolls of enchant armour
 o - a scroll of identify
Potions
 e - a potion of resistance
 j - a potion of curing
 k - a potion of invisibility {unknown}
 l - a potion of mutation {unknown}
 m - a potion of brilliance {unknown}


   Skills:
 - Level 4.0 Fighting
 * Level 7.6 Long Blades
 + Level 6.3 Armour
 + Level 0.0 Dodging
 - Level 4.0 Shields


You had 7 spell levels left.
You didn't know any spells.
Your spell library contained the following spells:

 Spells                   Type           Power      Damage    Failure   Level
 Sandblast                Erth           0%         2d4       63%         1
 Passwall                 Tmut/Erth      0%         N/A       77%         2
 Gell's Gravitas          Tloc           0%         N/A       94%         3
 Inner Flame              Hex/Fire       0%         N/A       94%         3
 Lesser Beckoning         Tloc           0%         N/A       94%         3
 Ozocubu's Armour         Ice            0%         N/A       94%         3
 Stone Arrow              Conj/Erth      0%         3d7       94%         3
 Teleport Other           Tloc           0%         N/A       94%         3
 Cause Fear               Hex            0%         N/A       100%        4
 Metabolic Englaciation   Hex/Ice        0%         N/A       100%        5
 Dispersal                Tloc           0%         N/A       100%        6
 Simulacrum               Ice/Necr       0%         N/A       100%        6
 Discord                  Hex            0%         N/A       100%        8
 Disjunction              Tloc           0%         N/A       100%        8


Dungeon Overview and Level Annotations

Branches:
Dungeon (6/15)
 Temple: D:4-7

Altars:

Portals:
Abyss: D:4

Annotations:
D:5 Duvessa


Message History

Items here: )) [ †.
You hit the orc priest.
The orc priest is poisoned.
The orc priest is lightly wounded.
You feel sick.
The orc priest hits you but does no damage.
You are more poisoned.
The orc priest calls upon Beogh to heal the orc priest.
The orc priest is healed somewhat.
You hit the orc priest but do no damage.
The orc priest looks as sick as possible!
The orc priest is lightly wounded.
You feel very sick. The orc priest barely misses you.
You block the orc priest's attack.
You hit the orc priest.
The orc priest looks as sick as possible!
The orc priest is moderately wounded.
You feel very sick.
The orc priest invokes the aid of Beogh against you.
You struggle to resist.
The orc priest mumbles some strange prayers to Beogh against you.
Beogh smites you!
* * * LOW HITPOINT WARNING * * *
You closely miss the orc priest.
The orc priest is moderately wounded.
* * * LOW HITPOINT WARNING * * *
You feel sick. The orc priest closely misses you. x2
You feel better.
The orc priest hits you with a +2 whip of venom.
* * * LOW HITPOINT WARNING * * *
You are poisoned.
The orc priest looks encouraged for a moment.
You feel sick.
The orc priest miscasts a cantrip.
You feel sick.
The orc priest calls upon Beogh to heal the orc priest.
The orc priest is healed somewhat.
You feel sick.
The orc priest calls down the wrath of Beogh upon you.
Beogh smites you!
You die...

#.
#.
#.
#.##
#.o#
#o#
#.#
#.#
#@#
#<#
#.#
#.#
#.#
#.#
#.#
..#
###


You could see 2 orc priests.

Vanquished Creatures
  Sigmund (D:4)
  The ghost of hitsuchi the Skirmisher, an amateur DsWn (D:4)
  Edmund (D:4)
  An ogre (D:4)
  A necrophage (D:5)
  A gnoll sergeant (D:6)
  2 scorpions
  A water moccasin zombie (D:5)
  A centaur zombie (D:5)
  A centaur skeleton (D:4)
  2 hounds
  Jessica (D:2)
  4 iguanas
  An orc wizard (D:5)
  A killer bee zombie (D:5)
  5 gnolls
  2 adders (D:2)
  2 shadow imps (D:4)
  A white imp (D:4)
  An adder skeleton (D:4)
  2 worms
  A dart slug (D:4)
  11 orcs
  4 ball pythons
  6 bats
  5 endoplasms
  4 giant cockroaches
  6 goblins
  7 hobgoblins
  8 kobolds
  6 quokkas
  A frilled lizard (D:1)
  2 rats
94 creatures vanquished.

Notes
Turn   | Place    | Note
-------+----------+-------------------------------------------
     0 | D:1      | Jerry the Human Fighter began the quest for the Orb.
     0 | D:1      | Reached XP level 1. HP: 18/18 MP: 1/1
   187 | D:1      | Reached XP level 2. HP: 21/24 MP: 2/2
   601 | D:1      | Reached XP level 3. HP: 18/29 MP: 3/3
  1782 | D:2      | Reached XP level 4. HP: 35/35 MP: 4/4
  2110 | D:2      | Noticed Jessica
  2118 | D:2      | Killed Jessica
  2307 | D:3      | Reached XP level 5. HP: 27/42 MP: 5/5
  3046 | D:4      | Found a transporter.
  3055 | D:4      | Reached skill level 3 in Long Blades
  3131 | D:4      | Reached XP level 6. HP: 20/48 MP: 6/6
  3349 | D:4      | Noticed an ogre
  3358 | D:4      | Killed an ogre
  3359 | D:4      | Reached skill level 4 in Long Blades
  3456 | D:4      | Found a transporter.
  3462 | D:4      | Identified the +0 robe of a treasure trove {Harm Dex+4}
  3550 | D:4      | Reached XP level 7. HP: 42/54 MP: 7/7
  3621 | D:4      | Noticed hitsuchi's ghost (amateur DsWn)
  3632 | D:4      | Found a one-way gate to the infinite horrors of the Abyss.
  3687 | D:4      | You fall into a shaft and drop 2 floors!
  3707 | D:5      | Entered Level 5 of the Dungeon
  3730 | D:5      | Reached skill level 5 in Long Blades
  3839 | D:5      | Noticed Duvessa
  3852 | D:5      | Reached skill level 5 in Armour
  4433 | D:5      | Reached XP level 8. HP: 60/60 MP: 8/8
  4442 | D:5      | Reached skill level 6 in Long Blades
  4601 | D:4      | Noticed Edmund
  4602 | D:4      | Noticed Sigmund
  4610 | D:4      | Killed Edmund
  4921 | D:3      | Identified a scroll of acquirement
  4921 | D:3      | Acquired the +0 pair of gloves "Xano" {+Blink Str+3}
  5065 | D:4      | Killed Sigmund
  5066 | D:4      | Reached skill level 7 in Long Blades
  5392 | D:4      | Killed hitsuchi's ghost
  5428 | D:5      | Killed from afar by an orc priest

Illustrated notes

Levels and vault maps discovered:
D:1:      dpeg_arrival_line_fractal, layout_loops_ring,
          chequers_serial_rivers_micro_e
D:2:      layout_basic, uniq_jessica
D:3:      layout_loops_cross, nicolae_figureground_sparkle
D:4:      layout_cave_pools, gammafunk_ghost_abyssal_escape,
          sigmund_edmund_badplayer
D:5:      layout_loops_ring, uniq_crazy_yiuf_cottage, uniq_edmund,
          uniq_blork_the_orc, uniq_duvessa
D:6:      layout_loops_ring, gup_sewer_entry_pipe

Skill      XL: |  1  2  3  4  5  6  7  8 |
---------------+-------------------------+-----
Long Blades    | 3 4 5 7 |  7.6
Fighting       | 4 |  4.0
Armour         | 4 5 6 |  6.3
Shields        | 4 |  4.0

Action                   |  1- 3 |  4- 6 |  7- 9 || total
-------------------------+-------+-------+-------++-------
Melee: Long sword        |   118 |    93 |   135 ||   346
Throw: Dart              |       |     3 |       ||     3
  Use: Scroll            |       |     9 |     4 ||    13
       Potion            |       |       |     3 ||     3
Armor: Scale mail        |    64 |    50 |    69 ||   183
       Ring mail         |       |       |    14 ||    14
       Leather armour    |       |       |     7 ||     7
Dodge: Dodged            |    53 |    32 |    75 ||   160
Block: Buckler           |    31 |    16 |    40 ||    87
